 Dungeon Crawl Stone Soup version 0.31-a0-699-g830162fb6c (webtiles) character file.

Game seed: 15716408267428195895

8 qw the Shooter (level 2, -1/17 HPs)
             Began as a Gargoyle Hunter on Sept 7, 2023.
             Slain by a giant cockroach (2 damage)
             ... on level 1 of the Dungeon.
             The game lasted 00:00:06 (220 turns).

qw the Shooter (Gargoyle Hunter)                     Turns: 220, Time: 00:00:07

Health: -1/17      AC:  5    Str: 14    XL:     2   Next: 8%
Magic:  2/2        EV: 11    Int:  9    God:
Gold:   15         SH:  0    Dex: 13    Spells: 1/1 levels left

rFire   . . .        a - +0 shortbow
rCold   . . .        (shield currently unavailable)
rNeg    + . .        c - +0 leather armour
rPois   inf          (no helmet)
rElec   +            (no cloak)
rCorr   .            (no gloves)
SInv    .            (no boots)
Will    .....        (no amulet)
Stlth   +            (no ring)
HPRegen 0.22/turn    (no ring)
MPRegen 0.08/turn

%: no passive effects
@: no status effects
A: sickness immunity, AC +2, negative energy resistance 1, electricity
resistance, torment resistance 1, petrification resistance
a: no special abilities


You were on level 1 of the Dungeon.
You visited 1 branch of the dungeon, and saw 1 of its levels.

You collected 15 gold pieces.


Innate Abilities, Weirdness & Mutations

You are immune to sickness and miasma.
Your stone body is resilient. (AC +2)
You are immune to poison.
You resist negative energy. (rN+)
You are resistant to electric shocks. (rElec)
You are resistant to unholy torment.
You are immune to petrification.


   Skills:
 - Level 2.1 Fighting
 + Level 4.4 Ranged Weapons
 - Level 1.5 Dodging
 - Level 1.1 Stealth


You had one spell level left.
You didn't know any spells.
Your spell library was empty.

Inventory:

Hand Weapons
 a - a +0 shortbow (weapon)
Armour
 c - a +0 leather armour (worn)
Scrolls
 b - a scroll of butterflies
Potions
 d - a potion of lignification {unknown}
 e - a potion of curing {unknown}

Dungeon Overview and Level Annotations

Branches:
Dungeon (1/15)

Altars:


Message History

217 |||
Found retreat position at 1,1 (jackal; floor) with 0 blocking monsters and 3 monsters attacking at destination at distance 1 You shoot an arrow.
The arrow barely misses the jackal.
The arrow closely misses the jackal.
The ball python bites you. The ball python misses you. The hobgoblin hits you.
The hobgoblin closely misses you.
A jackal comes into view.
The jackal bites you but does no damage.
The ball python bites you but does no damage.
The ball python closely misses you.
218 |||
Found retreat position at 1,1 (jackal; floor) with 0 blocking monsters and 3 monsters attacking at destination at distance 1 You shoot an arrow.
The arrow hits the jackal but does no damage.
The jackal is severely wounded.
The jackal bites you but does no damage.
The giant cockroach completely misses you.
The hobgoblin misses you. The hobgoblin closely misses you.
The jackal barely misses you.
The ball python bites you but does no damage.
The ball python grabs you. The ball python constricts you.
The jackal barely misses you.
A jackal comes into view.
The giant cockroach closely misses you. The hobgoblin barely misses you.
The hobgoblin hits you.
You shoot an arrow. The jackal barks!
The arrow hits the ball python!
You kill the ball python!
The jackal completely misses you.
The jackal bites you but does no damage.
The jackal bites you.
The giant cockroach bites you but does no damage.
The jackal bites you but does no damage.
The hobgoblin hits you but does no damage.
The hobgoblin misses you. The hobgoblin completely misses you.
220 |||
Found retreat position at 1,1 (jackal; floor) with 0 blocking monsters and 4 monsters attacking at destination at distance 1 You shoot an arrow.
The arrow closely misses the jackal.
The bat hits you but does no damage.
The jackal bites you but does no damage.
The jackal completely misses you. The giant cockroach bites you.
You die...

.. ... ...#
.... #..#
...##..#
....... 7 #
#.#..# .7
#.###...##..7
......Bgg...7
#..g@h# #...#h#
#.b?...h....
#...#..##.##h.#
##. #.. .# .# .
... .. # #..#
### #.. ...


You could see 4 jackals, a giant cockroach, 3 hobgoblins and a bat.

Vanquished Creatures
  2 ball pythons (D:1)
  A giant cockroach (D:1)
  A hobgoblin (D:1)
  A quokka (D:1)
  A frilled lizard (D:1)
  A kobold (D:1)
  A rat (D:1)
8 creatures vanquished.

Notes
Turn   | Place    | Note
-------+----------+-------------------------------------------
     0 | D:1      | qw the Gargoyle Hunter began the quest for the Orb.
     0 | D:1      | Reached XP level 1. HP: 12/12 MP: 1/1
     0 | D:1      | 0 ||| qw: Version: 0.3-a-76-g4403597
     0 | D:1      | 0 ||| qw: Game counter: 418
     0 | D:1      | 0 ||| qw: Melee chars always use a shield: true
     0 | D:1      | 0 ||| qw: God list: Okawaru
     0 | D:1      | 0 ||| qw: Allow faded altars: false
     0 | D:1      | 0 ||| qw: Do Orc after clearing Dungeon:15 true
     0 | D:1      | 0 ||| qw: Do second Lair branch before Depths: true
     0 | D:1      | 0 ||| qw: Lair rune preference: random
     0 | D:1      | 0 ||| qw: Goals: Normal
     0 | D:1      | 0 ||| PLANNING D:1-11
   207 | D:1      | Reached XP level 2. HP: 17/17 MP: 2/2
   214 | D:1      | 214 ||| Stepping ~*~*~tactically~*~*~ (retreating).
   217 | D:1      | HP: 4/17 [hobgoblin (2)]
   219 | D:1      | HP: 1/17 [jackal (2)]
   220 | D:1      | Slain by a giant cockroach

Levels and vault maps discovered:
D:1:      ldierk_walled_garden, layout_loops_ring, nrook_campfire

Action                     || total
---------------------------++-------
   Fire: Shortbow          ||    30
 Armour: Leather armour    ||    24
  Dodge: Dodged            ||    22

Table legend:
 A = Non-vault XP
 B = Vault XP
 C = Vault XP percentage of total XP
 D = Non-vault monster count
 E = Vault monster count
 F = Vault count percentage of total count
                 A         B        C        D         E       F
            +---------+---------+-------+---------+---------+-------
      Total |      12 |       0 |   0.0 |       8 |       0 |   0.0
            +---------+---------+-------+---------+---------+-------
        D:1 |      12 |       0 |   0.0 |       8 |       0 |   0.0
            +---------+---------+-------+---------+---------+-------
